 Dungeon Crawl Stone Soup version 0.28-a0-1389-gc726bef33b (webtiles) character file.

Game seed: 70903048778039327

620 snetch the Skirmisher (level 7, -2/62 HPs)
             Began as a Minotaur Berserker on Jan 3, 2022.
             Was a Believer of Trog.
             Slain by a sky beast (6 damage)
             ... on level 5 of the Dungeon.
             The game lasted 00:05:49 (3192 turns).

snetch the Skirmisher (Minotaur Berserker)          Turns: 3192, Time: 00:05:50

Health: -2/62      AC:  6    Str: 23    XL:     7   Next: 22%
Magic:  6/6        EV: 12    Int:  4    God:    Trog [**....]
Gold:   143        SH:  0    Dex: 10    Spells: 6/6 levels left

rFire   . . .      SeeInvis .   p - +0 halberd
rCold   . . .      Faith    .   (shield currently unavailable)
rNeg    . . .      Spirit   .   j - +3 leather armour
rPois   .          Reflect  .   (helmet restricted)
rElec   .          Harm     .   (no cloak)
rCorr   .          Rampage  .   (no gloves)
Will    .....                   (no boots)
Stlth   +.........              (no amulet)
HPRegen 0.20/turn               (no ring)
MPRegen 0.10/turn               (no ring)

@: no status effects
A: horns 2, retaliatory headbutt
a: Renounce Religion, Berserk, Trog's Hand


You were on level 5 of the Dungeon.
You worshipped Trog.
Trog was pleased with you.
You visited 1 branch of the dungeon, and saw 5 of its levels.

You collected 143 gold pieces.

Inventory:

Hand Weapons
 a - a +0 hand axe
 p - a +0 halberd (weapon)
 r - a +1 falchion of draining
 u - a +0 dagger of flaming
 x - a +4 dire flail of protection
Missiles
 b - 93 stones (quivered)
 f - 45 arrows
 l - 2 throwing nets
 s - 5 poisoned darts
 w - 6 javelins
Armour
 d - a +0 ring mail
 j - a +3 leather armour (worn)
 y - a +3 scale mail of fire resistance
Scrolls
 e - 2 scrolls of amnesia {unknown}
 g - a scroll of teleportation {unknown}
 i - a scroll of blinking {unknown}
 m - a scroll of noise {unknown}
 n - 2 scrolls of enchant weapon {unknown}
 o - a scroll of identify {unknown}
 v - a scroll of vulnerability {unknown}
Potions
 c - 4 potions of curing
 h - 2 potions of flight {unknown}
 k - 3 potions of haste {unknown}
 q - a potion of heal wounds {unknown}
 t - 2 potions of magic {unknown}


   Skills:
 + Level 5.8 Fighting
 + Level 5.7(6.3) Axes
 + Level 3.8(5.3) Polearms
 + Level 1.1 Throwing
 + Level 4.4 Armour
 + Level 3.3 Dodging
 + Level 1.2 Stealth


You had 6 spell levels left.
You didn't know any spells.
Your spell library contained the following spells:

 Spells                   Type           Power      Damage    Failure   Level
 Malign Gateway           Summ/Tloc      0%         N/A       100%        7
 Summon Horrible Things   Summ           0%         N/A       100%        8


Dungeon Overview and Level Annotations

Branches:
Dungeon (5/15)
 Temple: D:4-7

Altars:
Ashenzari
Hepliaklqana
Okawaru
Uskayaw


Innate Abilities, Weirdness & Mutations

You have a pair of horns on your head.
You reflexively headbutt those who attack you in melee.


Message History

You now have 143 gold pieces (gained 8).
A sky beast comes into view.
The sky beast hits you. The sky beast shocks you.
You slash the sky beast!
The sky beast is heavily wounded.
The sky beast hits you. The sky beast shocks you.
You barely miss the sky beast. Your headbutt misses the sky beast.
The sky beast is heavily wounded.
The sky beast hits you but does no damage.
You hit the sky beast but do no damage.
The sky beast is heavily wounded.
The sky beast flickers out of sight!
Deactivating autopickup; reactivate with Ctrl-A.
Something hits you but does no damage.
You miss something. Something barely misses you.
You barely miss something. Your headbutt misses something.
Something completely misses you. Something barely misses you.
You closely miss something. You headbutt something. Something hits you.
Something shocks you.
You closely miss something. Something hits you but does no damage.
You closely miss something. Your headbutt misses something.
Something hits you but does no damage.
You miss something. Something hits you. Something shocks you.
* * * LOW HITPOINT WARNING * * *
Something hits you but does no damage.
You barely miss something.
A sky beast appears from thin air!
Reactivating autopickup.
The sky beast barely misses you.
You hit the sky beast.
The sky beast is severely wounded.
The sky beast hits you.
* * * LOW HITPOINT WARNING * * *
The sky beast shocks you.
* * * LOW HITPOINT WARNING * * *
You closely miss the sky beast.
The sky beast is severely wounded.
The sky beast hits you.
* * * LOW HITPOINT WARNING * * *
The sky beast shocks you.
You die...

##.##.##..........##
............##..#..#
.............##....###
.............##.......
..................###..
.......))..............
....#...[)........#.##
. #...)....##.##
...............##.#
.........#.......>..
........###...........
....#.. ............ #.
.....[...###. .
.#........#


You could see a sky beast.

Vanquished Creatures
  Eustachio (D:4)
  Edmund (D:5)
  An ogre (D:5)
  2 scorpions (D:4)
  8 gnolls
  3 adders
  A worm (D:2)
  A dart slug (D:4)
  5 endoplasms
  4 goblins
  4 hobgoblins
  3 jackals (D:2)
  2 quokkas
  6 ball pythons
  7 bats
  3 frilled lizards (D:1)
  7 kobolds
  3 rats
62 creatures vanquished.

Notes
Turn   | Place    | Note
-------+----------+-------------------------------------------
     0 | D:1      | snetch the Minotaur Berserker began the quest for the Orb.
     0 | D:1      | Reached XP level 1. HP: 19/19 MP: 0/0
   121 | D:2      | Reached XP level 2. HP: 27/27 MP: 1/1
   122 | D:2      | Found a faded altar of an unknown god.
   436 | D:1      | Reached ** piety under Trog
   437 | D:1      | Reached XP level 3. HP: 32/34 MP: 2/2
  1514 | D:3      | Reached XP level 4. HP: 41/41 MP: 3/3
  1752 | D:4      | Reached skill level 5 in Axes
  1772 | D:3      | Found an iron altar of Okawaru.
  1899 | D:4      | Noticed a scorpion
  1910 | D:4      | Reached skill level 5 in Fighting
  2114 | D:3      | Found a hazy altar of Hepliaklqana.
  2118 | D:3      | Found a broken altar of Ashenzari.
  2247 | D:3      | Found a hide-covered altar of Uskayaw.
  2509 | D:4      | Killed a scorpion
  2510 | D:4      | Reached skill level 1 in Polearms
  2510 | D:4      | Reached XP level 5. HP: 48/48 MP: 4/4
  2785 | D:5      | Entered Level 5 of the Dungeon
  2786 | D:5      | Noticed Eustachio
  2789 | D:5      | Noticed Edmund
  2804 | D:4      | Killed Eustachio
  2805 | D:4      | Reached skill level 1 in Stealth
  2805 | D:4      | Reached XP level 6. HP: 56/56 MP: 5/5
  2817 | D:5      | Killed Edmund
  2818 | D:5      | Reached skill level 1 in Throwing
  2978 | D:5      | Reached XP level 7. HP: 37/61 MP: 6/6
  3192 | D:5      | Slain by a sky beast

Illustrated notes

Levels and vault maps discovered:
D:1:      tarquinn_simple_flora_water_d, layout_basic
D:2:      layout_rooms, hellmonk_ecumenical_altar_crossroads
D:3:      layout_loops_ring, mainiacjoe_overflow_brackets,
          mainiacjoe_overflow_alcove_1, minitemple
D:4:      layout_loops_ring, serial_co_window_serial, co_window_paths_a,
          co_window_corner_a, co_window_of_opportunity_a, co_window_paths_b,
          co_window_paths_b, co_window_broadway_b, co_window_2corner,
          co_window_broadway_b, co_window_corner_b, co_window_broadway_b,
          co_window_2corner, co_window_paths_e, glass_columns_a
D:5:      layout_cave_pools, xom_teletrap_fun, mainiacjoe_overflow_alcove_4,
          mainiacjoe_overflow_small_starburst, serial_column_ruins,
          column_ruins_square_medium, column_ruins_grid_1, column_ruins_grid_3,
          column_ruins_columns_dead_end, column_ruins_columns_corner,
          uniq_blork_the_orc, uniq_edmund, uniq_eustachio

Skill      XL: |  1  2  3  4  5  6 |
---------------+-------------------+-----
Axes           | 4 5 |  5.7
Fighting       | 4 5 |  5.8
Armour         | 3 4 |  4.4
Polearms       | 1 2 3 |  3.8
Dodging        | 3 |  3.3
Stealth        | 1 |  1.2
Throwing       | 1 |  1.1

Action                   |  1- 3 |  4- 6 |  7- 9 || total
-------------------------+-------+-------+-------++-------
Melee: Hand axe          |    68 |     4 |       ||    72
       Headbutt          |    10 |     8 |     2 ||    20
       Halberd           |       |    43 |    20 ||    63
Throw: Stone             |       |    11 |       ||    11
Invok: Berserk           |     2 |     3 |       ||     5
Armor: Animal skin       |     2 |       |       ||     2
       Ring mail         |    18 |       |       ||    18
       Leather armour    |     5 |    13 |     6 ||    24
Dodge: Dodged            |    41 |    31 |     9 ||    81

Table legend: (Time is in decaauts)
 A = Elapsed time spent in this place.
 B = Non-inter-level travel time spent in this place.
 C = Inter-level travel time spent in this place.
 D = Time resting spent in this place.
 E = Time spent auto-exploring this place.
 F = Levels seen in this place.
 G = Mean time per level.
                   A        B        C        D        E       F      G
               +--------+--------+--------+--------+--------+-----+--------+
         Total |   3273 |   3170 |    103 |    443 |   1992 |   5 |  654.6 |
       Dungeon |   3273 |   3170 |    103 |    443 |   1992 |   5 |  654.6 |
               +--------+--------+--------+--------+--------+-----+--------+

Top non-repeatable levels by time:
     D:4: 883 daAuts
     D:1: 855 daAuts
     D:3: 765 daAuts
     D:2: 671 daAuts
     D:5: 97 daAuts
